 Dungeon Crawl Stone Soup version 0.23.2-40-g277498a001 (webtiles) character file.

Game seed: 937673960874394306

4964 Kostasan the Severer (level 10, -2/78 HPs)
             Began as a Minotaur Berserker on Sept 28, 2019.
             Was an Elder of Trog.
             Slain by an orc warrior
             ... wielding a +0 glaive
              (21 damage)
             ... on level 10 of the Dungeon.
             The game lasted 00:31:18 (6851 turns).

Kostasan the Severer (Minotaur Berserker)           Turns: 6851, Time: 00:31:18

Health: -2/78      AC: 12    Str: 24    XL:     10   Next: 28%
Magic:  0/9        EV:  9    Int:  5    God:    Trog [****..]
Gold:   63         SH:  0    Dex: 10    Spells: 9/9 levels left

rFire    . . .     SeeInvis .   W - +3 battleaxe
rCold    . . .     Gourm    .   (shield currently unavailable)
rNeg     . . .     Faith    .   F - +0 plate armour
rPois    +         Spirit   +   (helmet restricted)
rElec    .         Reflect  .   m - +0 cloak
rCorr    .         Harm     .   (no gloves)
MR       .....                  (no boots)
Stlth    ..........             q - amulet of guardian spirit
HPRegen  0.23/turn              t - ring of poison resistance
MPRegen  0.11/turn              A - +2 ring of evasion

@: berserk cooldown, slowed, very slow
A: retaliatory headbutt, horns 2
a: Berserk, Trog's Hand, Brothers in Arms, Renounce Religion


You were on level 10 of the Dungeon.
You worshipped Trog.
Trog was greatly pleased with you.
You were hungry.

You visited 1 branch of the dungeon, and saw 11 of its levels.

You collected 465 gold pieces.
You spent 402 gold pieces at shops.

Inventory:

Hand Weapons
 w - a +2 hand axe of flaming
 W - a +3 battleaxe (weapon)
Missiles
 r - 8 tomahawks (quivered)
Armour
 m - a +0 cloak (worn)
 F - a +0 plate armour (worn)
 H - a +2 cloak
Jewellery
 q - an amulet of guardian spirit (around neck)
 t - a ring of poison resistance (left hand)
 A - a +2 ring of evasion (right hand)
 E - an uncursed ring of stealth {unknown}
Wands
 y - a wand of iceblast (4)
 D - a wand of paralysis (7)
Scrolls
 a - 2 scrolls of fog
 b - 2 scrolls of magic mapping
 g - 2 scrolls of enchant weapon
 k - 5 scrolls of teleportation
 l - a scroll of vulnerability {unknown}
 v - 3 scrolls of identify
 x - a scroll of enchant armour
 G - a scroll of brand weapon
Potions
 d - a potion of magic
 e - 5 potions of curing
 f - a potion of flight
 h - a potion of berserk rage {unknown}
 i - a potion of haste {unknown}
 j - 3 potions of agility
 n - 3 potions of brilliance
 p - 2 potions of heal wounds
 s - 3 potions of cancellation {unknown}
 u - a potion of degeneration {unknown}
 z - a potion of invisibility
 B - a potion of ambrosia {unknown}
 C - a potion of lignification {unknown}
Comestibles
 c - 21 rations
 o - 7 chunks of flesh


   Skills:
 - Level 3.9 Fighting
 * Level 16.9 Axes
 - Level 2.8 Armour
 - Level 2.5 Dodging


You had 9 spell levels left.
You didn't know any spells.
Your spell library was empty.

Dungeon Overview and Level Annotations

Branches:
Dungeon (11/15)            Temple (0/1) D:6
   Lair: D:8-11         Orc: D:9-12

Altars:
Cheibriados
Dithmenos
Hepliaklqana
Makhleb
Okawaru
Uskayaw
Wu Jian
Yredelemnul
Zin

Shops:
D:6 %   D:9 ?


Innate Abilities, Weirdness & Mutations

You reflexively headbutt those who attack you in melee.
You have a pair of horns on your head.


Message History

Found a scroll of enchant armour.
Found a stone staircase leading down.
Items here: )) [ †† a cursed -1 short sword; a +0 dagger; a +0 robe; a howler monkey corpse an orc corpse You slash the centaur zombie!
The centaur zombie is heavily damaged.
You slash the orc warrior! The centaur zombie hits you.
The orc warrior hits you with a +0 glaive!
The centaur zombie hits you but does no damage.
You slice the centaur zombie!!
You destroy the centaur zombie!
Trog accepts your kill.
You slash the orc warrior!
The orc warrior hits you with a +0 glaive!
* * * LOW HITPOINT WARNING * * *
You feel much better.
The orc warrior hits you with a +0 glaive!
* * * LOW HITPOINT WARNING * * *
The orc warrior hits you with a +0 glaive!!
You die...

≈≈≈≈≈≈#.##+### .
###...#.##...##..?>.#
###.>.#...........#
#...#....##.....# .
#...##...##.....##..
#...##...##.......
#........+......#
#........#.o....#
#........##)@...#
#........##.)...##
#.........W.........
##+###..............
#..............
......##.....####
.......########
......... ...##....#


You could see a phantom and an orc warrior.

Vanquished Creatures
  A two-headed ogre (D:9)
  2 hippogriffs
  3 yaks (D:9)
  2 orc warriors
  4 ice beasts
  2 sky beasts (D:8)
  2 phantoms (D:4)
  5 ogres
  5 bullfrogs
  A scorpion (D:5)
  3 howler monkeys (D:10)
  10 killer bees
  3 wights (D:7)
  A crimson imp (D:6)
  A centaur zombie (D:10)
  6 orc priests
  4 jellies
  2 bullfrog skeletons
  2 hounds
  An iguana (D:8)
  6 orc wizards
  6 worker ants
  A hound skeleton (D:3)
  A worker ant zombie (D:7)
  8 gnolls
  7 adders
  2 shadow imps
  An ooze (D:1)
  2 adder skeletons
  5 worms
  2 dart slugs
  3 leopard geckos (D:3)
  26 orcs
  7 giant cockroaches
  8 goblins
  8 hobgoblins
  8 jackals
  2 quokkas
  A ball python (D:3)
  8 bats
  4 frilled lizards
  5 kobolds
  3 leopard gecko skeletons
  A leopard gecko zombie (D:2)
  14 rats
199 creatures vanquished.

Notes
Turn   | Place    | Note
-------+----------+-------------------------------------------
     0 | D:1      | Kostasan the Minotaur Berserker began the quest for the
                  | Orb.
     0 | D:1      | Reached XP level 1. HP: 19/19 MP: 0/0
   270 | D:1      | Reached XP level 2. HP: 21/27 MP: 1/1
   447 | D:1      | Reached skill level 4 in Axes
   744 | D:2      | Reached ** piety under Trog
   744 | D:2      | Reached XP level 3. HP: 33/33 MP: 2/2
   946 | D:2      | Reached skill level 5 in Axes
  1032 | D:2      | Reached XP level 4. HP: 34/40 MP: 3/3
  1217 | D:2      | Found a faded altar of an unknown god.
  1873 | D:3      | Reached skill level 6 in Axes
  1881 | D:3      | Found an iron altar of Okawaru.
  1888 | D:3      | Reached XP level 5. HP: 40/46 MP: 4/4
  1917 | D:3      | Reached *** piety under Trog
  2054 | D:3      | Found an ornate altar of the Wu Jian Council.
  2056 | D:3      | Found a hazy altar of Hepliaklqana.
  2067 | D:3      | Found a shadowy altar of Dithmenos.
  2101 | D:3      | Reached skill level 7 in Axes
  2673 | D:4      | Noticed an ogre
  2681 | D:4      | Killed an ogre
  2681 | D:4      | Reached skill level 8 in Axes
  2681 | D:4      | Reached XP level 6. HP: 52/52 MP: 5/5
  2696 | D:4      | Found a basalt altar of Yredelemnul.
  2766 | D:4      | Reached skill level 9 in Axes
  2845 | D:4      | Reached XP level 7. HP: 43/58 MP: 6/6
  3468 | D:5      | Entered Level 5 of the Dungeon
  3529 | D:5      | Received a gift from Trog
  3576 | D:5      | Found Zin's Purification Station.
  3576 | D:5      | Found a glowing silver altar of Zin.
  3585 | D:5      | Bought a potion of curing for 90 gold pieces
  3698 | D:5      | Reached skill level 10 in Axes
  3845 | D:5      | Reached skill level 11 in Axes
  4261 | D:6      | Reached XP level 8. HP: 66/66 MP: 7/7
  4339 | D:6      | Found a hide-covered altar of Uskayaw.
  4483 | D:6      | Reached skill level 12 in Axes
  4542 | D:6      | Found Ewefepucw's Food Shoppe.
  4698 | D:6      | Found a staircase to the Ecumenical Temple.
  4743 | D:7      | Found a burning altar of Makhleb.
  4964 | D:7      | Received a gift from Trog
  5163 | D:7      | Reached skill level 13 in Axes
  5728 | D:8      | Reached XP level 9. HP: 71/71 MP: 8/8
  5755 | D:8      | Reached skill level 14 in Axes
  5997 | D:8      | Found a snail-covered altar of Cheibriados.
  6355 | D:8      | Reached skill level 15 in Axes
  6410 | D:9      | Reached **** piety under Trog
  6541 | D:9      | Noticed a two-headed ogre
  6544 | D:9      | Reached skill level 16 in Axes
  6552 | D:9      | Killed a two-headed ogre
  6552 | D:9      | Reached XP level 10. HP: 53/78 MP: 3/9
  6776 | D:9      | Found Gunus's Magic Scroll Emporium.
  6782 | D:9      | Bought a scroll of identify for 26 gold pieces
  6782 | D:9      | Bought a scroll of identify for 26 gold pieces
  6782 | D:9      | Bought a scroll of brand weapon for 260 gold pieces
  6792 | D:9      | You fall through a shaft for 2 floors!
  6802 | D:10     | Entered Level 10 of the Dungeon
  6851 | D:10     | Slain by an orc warrior

Skill      XL: |  1  2  3  4  5  6  7  8  9 |
---------------+----------------------------+-----
Axes           | 4 5 6 8 9 11 13 16 | 16.9
Fighting       | |  3.9
Armour         | |  2.8
Dodging        | |  2.5

Action                   |  1- 3 |  4- 6 |  7- 9 | 10-12 || total
-------------------------+-------+-------+-------+-------++-------
Melee: Hand axe          |    63 |   116 |   105 |       ||   284
       Headbutt          |    12 |    17 |    26 |     8 ||    63
       Battleaxe         |       |       |    91 |    32 ||   123
Throw: Stone             |       |   158 |    17 |       ||   175
       Javelin           |       |       |    87 |       ||    87
       Tomahawk          |       |       |    39 |       ||    39
Invok: Berserk           |       |       |     1 |     1 ||     2
  Use: Scroll            |       |    15 |     3 |       ||    18
       Potion            |       |       |       |     1 ||     1
  Eat: Chunk             |       |     6 |    12 |     2 ||    20
Armor: Animal skin       |     8 |     5 |       |       ||    13
       Ring mail         |       |     9 |    18 |       ||    27
       Scale mail        |       |       |     5 |       ||     5
       Plate armour      |       |       |    27 |    13 ||    40
Dodge: Dodged            |    33 |    40 |    86 |    15 ||   174
